 Dungeon Crawl Stone Soup version 0.31-a0-986-g5e6e4ef867 (webtiles) character file.

Game seed: 4665436026119246889

121151 justen the Severer (level 16, -8/155 HPs)
             Began as a Hill Orc Berserker on Nov 12, 2023.
             Was the Champion of Trog.
             Mangled by a +2 hand axe of flaming (10 damage)
             ... on level 2 of the Elven Halls on Nov 13, 2023.
             The game lasted 02:36:15 (25194 turns).

justen the Severer (Hill Orc Berserker)            Turns: 25194, Time: 02:36:15

Health: -8/155     AC: 28    Str: 30    XL:     16   Next: 84%
Magic:  16/16      EV: 18    Int:  7    God:    Trog [******]
Gold:   295        SH: 14    Dex: 10    Spells: 15/15 levels left

rFire   . . .        a - +3 war axe (heavy)
rCold   . . .        P - +3 buckler {AC+3}
rNeg    . . .        I - +4 scale mail "Bowaonyxo" {rPois Regen+ Str+2}
rPois   +            s - +1 helmet
rElec   .            J - +1 cloak
rCorr   .            C - +2 pair of gloves
SInv    .            q - +1 pair of boots
Will    +....        n - amulet of reflection Stlth
                     l - +4 ring of slaying
HPRegen 1.25/turn    r - +5 ring of evasion
MPRegen 0.15/turn

%: reflection
@: no status effects
A: no striking features
a: Renounce Religion, Berserk, Trog's Hand, Brothers in Arms


You were on level 2 of the Elven Halls.
You worshipped Trog.
Trog was exalted by your worship.
You visited 7 branches of the dungeon, and saw 22 of its levels.
You also visited: Ice Cave.

You collected 1878 gold pieces.
You spent 1583 gold pieces at shops.

Inventory:

Hand Weapons
 a - a +3 heavy war axe (weapon)
 b - a +0 sling
 f - a +2 war axe of flaming
 k - a +0 heavy eveningstar
 z - a +5 flail of freezing
 G - a +2 shortbow of flaming
 L - a +2 broad axe
Missiles
 o - 17 boomerangs
 O - 3 poisoned darts (quivered)
 Q - a throwing net
Armour
 q - a +1 pair of boots (worn)
 s - a +1 helmet (worn)
 C - a +2 pair of gloves (worn)
 I - the +4 scale mail "Bowaonyxo" (worn) {rPois Regen+ Str+2}
   (You bought it in a shop on level 7 of the Dungeon)

   Str+2:     It affects your strength (+2).
   rPois:     It protects you from poison Regen+: It increases your rate of
   health regeneration.
 J - a +1 cloak (worn)
 P - a +3 buckler of protection (worn)
Jewellery
 h - a ring of ice
 l - a +4 ring of slaying (left hand)
 n - an amulet of reflection (around neck)
 r - a +5 ring of evasion (right hand)
 x - a ring of resist corrosion
 A - a ring of willpower
 F - a +6 ring of dexterity
 H - a ring of positive energy
Wands
 i - a wand of paralysis (2)
 p - a wand of flame (16)
 y - a wand of roots (25)
 B - a wand of polymorph (14)
 D - a wand of acid (12)
 E - a wand of mindburst (34)
 K - a wand of digging (3)
Scrolls
 j - 3 scrolls of identify
 m - 2 scrolls of teleportation
 M - 2 scrolls of poison
Potions
 c - a potion of berserk rage
 d - 2 potions of heal wounds
 e - 5 potions of haste
 g - 4 potions of curing
 t - a potion of enlightenment
 u - a potion of invisibility
 v - a potion of lignification
 w - a potion of resistance


   Skills:
 * Level 17.0 Fighting
 + Level 19.6 Axes
 - Level 4.0 Ranged Weapons
 - Level 4.0 Throwing
 + Level 14.5 Armour
 + Level 8.4 Dodging
 + Level 2.2 Stealth
 + Level 11.4 Shields
 - Level 8.0 Evocations


You had 15 spell levels left.
You didn't know any spells.
Your spell library was empty.

Dungeon Overview and Level Annotations

Branches:
Dungeon (10/15)            Temple (1/1) D:7            Lair (5/5) D:10
  Swamp (1/4) Lair:3       Spider (1/4) Lair:2        Slime (0/5) Lair:5
    Orc (2/2) D:10            Elf (2/3) Orc:2         IceCv (visited)

Altars:
Ashenzari
Cheibriados
Dithmenos
Elyvilon
Fedhas
Gozag
Hepliaklqana
Kikubaaqudgha
Makhleb
Nemelex Xobeh
Okawaru
Qazlal
Ru
Sif Muna
Trog
Uskayaw
Vehumet
Wu Jian
Xom
Yredelemnul
Zin
The Shining One
Beogh
Lugonu

Shops:
D:4 !   D:7 :*   D:9 :   Orc:1 ?*   Orc:2 [(*=   Elf:2 ::=

Portals:
Abyss: Lair:5


Message History

You closely miss the +2 hand axe of flaming.
You slice the deep elf pyromancer!! You slice something!!
You hear some strange, mumbled words.
A lance of force appears from out of thin air!
The lance of force hits you.
You are knocked back by the lance of force.
You slam into the metal wall!
The deep elf pyromancer points at you and mumbles some strange words.
You block the sticky flame... and reflect it back!
The sticky flame hits the deep elf pyromancer!
The deep elf pyromancer is covered in liquid flames!
The +2 hand axe of flaming hits you. The +2 hand axe of flaming burns you.
Something hits you!
The deep elf pyromancer casts a spell at you.
The bolt of fire hits the +4 mace of holy wrath!
The +4 mace of holy wrath resists.
The bolt of fire hits the +2 hand axe of flaming.
The +2 hand axe of flaming resists.
The bolt of fire hits you!!
* * * LOW HITPOINT WARNING * * *
You block the deep elf pyromancer's attack.
You hear a shout!
Okay, then.
Unknown command.
Okay, then.
Okay, then.
As you read the scroll of summoning, it crumbles to dust.
Wisps of shadow whirl around you...
You hear a shout!
The deep elf pyromancer burns!
The deep elf pyromancer dies!
Trog accepts your kill.
Trog appreciates your killing of a magic user.
You block the +2 hand axe of flaming's attack.
The +2 hand axe of flaming hits your +2 vampiric trident but does no damage.
You hear some strange, mumbled words.
A shard of ice appears from out of thin air!
The shard of ice hits you!!
* * * LOW HITPOINT WARNING * * *
The +2 hand axe of flaming hits you!
You die...

..............
#.............
##......(.(...
##.............
...#.............
...........e....
#...E(##
##...((#++
#####@{.# #E''#
### #####E..#####
## ##.##
#...#...#...# ##.
##...##
#...#...#...#
##.. ##.....##
#'#)#)#)#'#'#
##... #...)..(#
#)#...#...#.#
#.... ##.....##
#.#...#...#.#
##... ##'.)(##
#.#########.#
##.>


You could see a deep elf pyromancer, 2 dancing weapons, a friendly earth
elemental (summoned), 2 friendly air elementals and a friendly +2 vampiric
trident (summoned).

Vanquished Creatures
  Agnes (Elf:1)
  An orc warlord (Orc:2)
  A broodmother (Lair:2)
  A deep elf annihilator (Elf:2)
  Snorg (Lair:3)
  2 entropy weavers
  8 hydras
  A catoblepas (Lair:1)
  A two-headed ogre (D:10)
  An anaconda (Lair:4)
  11 dancing weapons (Elf:2)
  A jorogumo (shapeshifter) (Lair:5)
  An alligator (Lair:3)
  A boulder beetle (Lair:2)
  13 death yaks
  5 demonic crawlers (Lair:2)
  3 thrashing horrors (Lair:5)
  An orc high priest (Orc:2)
  2 pharaoh ants
  7 deep elf knights
  A fire crab (Lair:5)
  13 deep elf archers
  A bog body (Swamp:1)
  3 lindwurms
  2 steelbarb worms (Lair:2)
  16 deep elf pyromancers
  3 orc sorcerers (Orc:2)
  14 deep elf zephyrmancers
  4 orc knights (Orc:2)
  A moth of wrath (Lair:2)
  3 wolf spiders (Lair:2)
  2 will-o-the-wisps (Swamp:1)
  4 ugly things (Lair:5)
  3 elephants (Lair:4)
  6 black mambas
  4 torpor snails
  A smoke demon (Lair:5)
  Jeremiah (D:9)
  A kobold demonologist (D:10)
  9 cane toads
  3 rime drakes
  A freezing wraith (IceCv)
  10 komodo dragons
  2 anaconda simulacra (IceCv)
  6 trolls
  2 tyrant leeches (Swamp:1)
  3 polar bears
  6 hornets
  A queen bee (Orc:1)
  Prince Ribbit (D:5)
  33 blink frogs
  3 tarantellas (Lair:2)
  2 raiju (Lair:5)
  6 dream sheep (Lair:5)
  3 jumping spiders
  A ynoxinul (Lair:5)
  4 air elementals
  39 yaks
  6 culicivoras
  2 water elementals (Elf:1)
  8 spriggans
  4 wyverns
  2 fire elementals (Elf:2)
  Eustachio (D:4)
  A large abomination (Lair:5)
  2 steam dragons
  2 basilisks
  17 redbacks
  2 chaos spawn (Lair:5)
  3 wargs
  4 swamp worms (Swamp:1)
  18 water moccasins
  A hydra simulacrum (IceCv)
  34 orc warriors
  A sky beast (D:8)
  2 swamp drakes
  3 ice beasts
  4 black bears
  36 wolves
  5 ogres
  7 centaurs
  A phantom (D:5)
  Blork the orc (D:4)
  15 bullfrogs
  A kobold brigand (D:10)
  7 scorpions
  A gnoll sergeant (D:8)
  An earth elemental (Elf:2)
  14 small abominations (Lair:5)
  3 wights (D:10)
  23 killer bees (Orc:1)
  2 howler monkeys
  5 electric eels (Lair:3)
  3 hounds
  6 jellies
  15 orc priests
  A sleepcap (D:6)
  2 iguanas (D:5)
  28 orc wizards
  4 hell rats (Lair:4)
  Robin (D:4)
  8 gnolls
  10 adders
  3 white imps
  2 ufetubi (D:5)
  2 worms (D:3)
  4 dart slugs
  81 orcs
  5 bats
  14 endoplasms
  4 giant cockroaches
  9 goblins
  13 hobgoblins
  A jackal (D:2)
  6 quokkas
  7 ball pythons
  2 frilled lizards
  17 kobolds
  3 rats
  A spectral weapon (Elf:1)
772 creatures vanquished.

Vanquished Creatures (others)
  Asterion (Elf:1)
  2 deep elf knights (Elf:1)
  A spriggan druid (Swamp:1)
  A deep elf zephyrmancer (Elf:2)
  A deep elf pyromancer (Elf:2)
  2 bloated husks (Swamp:1)
  10 foxfires (Swamp:1)
18 creatures vanquished.

Grand Total: 790 creatures vanquished

Notes
Turn   | Place    | Note
-------+----------+-------------------------------------------
     0 | D:1      | justen the Hill Orc Berserker began the quest for the Orb.
     0 | D:1      | Reached XP level 1. HP: 19/19 MP: 1/1
     6 | D:1      | Noticed a black bear
     6 | D:1      | Noticed an eight-headed hydra
     7 | D:1      | Noticed a wolf
     7 | D:1      | Noticed a scorpion
   345 | D:1      | Reached XP level 2. HP: 20/27 MP: 2/2
   887 | D:2      | Reached XP level 3. HP: 15/33 MP: 3/3
  1159 | D:2      | Reached ** piety under Trog
  1196 | D:2      | Found an ornate altar of the Wu Jian Council.
  1490 | D:2      | Reached XP level 4. HP: 41/41 MP: 4/4
  2072 | D:3      | Found a glowing silver altar of Zin.
  2112 | D:3      | Found an iron altar of Okawaru.
  2153 | D:3      | Reached skill level 5 in Axes
  2299 | D:3      | Reached XP level 5. HP: 47/47 MP: 5/5
  2568 | D:3      | Reached skill level 5 in Fighting
  2578 | D:3      | Reached *** piety under Trog
  2961 | D:4      | Found Pishrolla's Distillery.
  2972 | D:4      | Noticed Blork the orc
  3130 | D:4      | Noticed Robin
  3135 | D:3      | Reached XP level 6. HP: 26/56 MP: 6/6
  3251 | D:4      | Killed Blork the orc
  3251 | D:4      | Killed Robin
  3252 | D:4      | Reached skill level 6 in Axes
  3317 | D:4      | Bought a potion of lignification for 30 gold pieces
  3317 | D:4      | Bought a potion of curing for 30 gold pieces
  3317 | D:4      | Bought a potion of mutation for 80 gold pieces
  3418 | D:4      | Found a glowing golden altar of the Shining One.
  3787 | D:4      | Noticed Eustachio
  3799 | D:4      | Killed Eustachio
  3800 | D:4      | Reached skill level 5 in Armour
  3800 | D:4      | Reached XP level 7. HP: 51/63 MP: 7/7
  4003 | D:5      | Entered Level 5 of the Dungeon
  4058 | D:5      | Reached skill level 7 in Axes
  4270 | D:5      | Noticed Prince Ribbit
  4279 | D:5      | Killed Prince Ribbit
  4280 | D:5      | Reached XP level 8. HP: 51/73 MP: 8/8
  4369 | D:5      | Reached skill level 8 in Axes
  4917 | D:6      | Reached skill level 9 in Axes
  4920 | D:6      | Reached XP level 9. HP: 60/82 MP: 9/9
  5756 | D:7      | Found a blossoming altar of Fedhas.
  5790 | D:7      | Found a staircase to the Ecumenical Temple.
  5799 | Temple   | Entered the Ecumenical Temple
  6049 | D:7      | Reached skill level 10 in Axes
  6103 | D:7      | Found Xare's Book Shop.
  6610 | D:7      | Found Bothrell's General Store.
  7829 | D:8      | Reached skill level 10 in Fighting
  7902 | D:8      | Found a broken altar of Ashenzari.
  7931 | D:8      | Found a stormy altar of Qazlal.
  8159 | D:8      | Reached **** piety under Trog
  8160 | D:8      | Reached skill level 11 in Axes
  8188 | D:8      | Reached XP level 10. HP: 93/93 MP: 10/10
  8468 | D:8      | Found an opulent altar of Gozag.
  8639 | D:9      | Noticed Jeremiah
  8641 | D:9      | Found Ucank's Book Shop.
  8798 | D:7      | Bought the +4 scale mail "Bowaonyxo" {rPois Regen+ Str+2}
                  | for 394 gold pieces
  8928 | D:4      | Bought a potion of enlightenment for 50 gold pieces
  9158 | D:9      | Identified the +0 ring mail "Moupyuku" {Harm rC+ Regen+}
  9477 | D:10     | Entered Level 10 of the Dungeon
  9570 | D:10     | Found a staircase to the Orcish Mines.
  9604 | D:10     | Reached skill level 12 in Axes
  9642 | D:10     | Noticed a kobold demonologist
  9650 | D:10     | Killed a kobold demonologist
  9903 | D:10     | Reached skill level 13 in Axes
  9949 | D:10     | Reached skill level 10 in Armour
 10058 | D:10     | Found a staircase to the Lair.
 10218 | D:10     | Noticed a two-headed ogre
 10228 | D:10     | Killed a two-headed ogre
 10229 | D:10     | Reached XP level 11. HP: 42/102 MP: 11/11
 10322 | D:10     | Reached skill level 14 in Axes
 10550 | D:13     | Identified the "Ribev"
 10550 | D:15     | Identified the of Cippiy
 10550 | Lair:1   | Entered Level 1 of the Lair of Beasts
 10598 | Lair:1   | Reached skill level 1 in Evocations
 10653 | Lair:1   | Noticed a catoblepas
 10674 | Lair:1   | Killed a catoblepas
 10755 | Lair:1   | Reached ***** piety under Trog
 10787 | Lair:1   | Reached skill level 15 in Axes
 11002 | Lair:1   | Reached XP level 12. HP: 94/113 MP: 12/12
 11403 | Lair:2   | Noticed a seven-headed hydra
 11419 | Lair:2   | Killed a seven-headed hydra
 11483 | Lair:2   | Noticed a four-headed hydra
 11484 | Lair:2   | Noticed an eight-headed hydra
 11491 | Lair:2   | Killed a four-headed hydra
 11495 | Lair:2   | Killed an eight-headed hydra
 11556 | Lair:2   | Reached skill level 16 in Axes
 11882 | Lair:2   | You fall into a shaft and drop 2 floors!
 11887 | Lair:4   | Received a gift from Trog
 11931 | Lair:4   | Noticed an eight-headed hydra
 11940 | Lair:4   | Killed an eight-headed hydra
 12136 | Lair:4   | Reached skill level 5 in Evocations
 12154 | Lair:3   | Noticed a death yak
 12154 | Lair:3   | Noticed a death yak
 12154 | Lair:3   | Noticed a death yak
 12236 | Lair:2   | Found a hole to the Spider Nest.
 12244 | Lair:2   | Reached skill level 17 in Axes
 12571 | D:9      | Killed Jeremiah
 12572 | D:9      | Reached XP level 13. HP: 103/115 MP: 13/13
 12678 | D:7      | Bought a scroll of enchant armour for 75 gold pieces
 12678 | D:7      | Bought a +2 buckler of protection for 215 gold pieces
 12912 | Spider:1 | Entered Level 1 of the Spider Nest
 12922 | Lair:2   | Reached skill level 5 in Dodging
 12959 | Lair:3   | Reached skill level 1 in Shields
 13009 | Lair:3   | Noticed Snorg
 13017 | Lair:3   | Killed Snorg
 13597 | Lair:3   | Found a staircase to the Swamp.
 13903 | Lair:3   | Found an ornate altar of the Wu Jian Council.
 14065 | Lair:4   | Reached skill level 5 in Shields
 14158 | Lair:4   | Identified the serpent talisman of Integrity {rF+ rN+ Str+3
                  | Int+2}
 14251 | Lair:4   | Received a gift from Trog
 14265 | Lair:4   | Reached XP level 14. HP: 108/132 MP: 14/14
 14573 | Lair:5   | Entered Level 5 of the Lair of Beasts
 14646 | Lair:4   | Reached skill level 18 in Axes
 15082 | Lair:5   | Found a staircase to the Slime Pits.
 15495 | Lair:5   | Found a snail-covered altar of Cheibriados.
 15612 | Lair:5   | Received a gift from Trog
 15730 | Lair:5   | Identified the amulet of Maceiwk {Spirit rPois}
 16282 | Lair:5   | Reached skill level 15 in Fighting
 16556 | Lair:5   | Found a corrupted altar of Lugonu.
 16556 | Lair:5   | Found a one-way gate to the infinite horrors of the Abyss.
 16948 | D:4      | Bought 2 potions of resistance for 200 gold pieces
 17527 | IceCv    | Identified the "Weagud"
 17527 | Swamp:1  | Entered Level 1 of the Swamp
 17884 | Swamp:1  | Reached XP level 15. HP: 94/141 MP: 15/15
 17909 | Swamp:1  | Found a frozen archway.
 17925 | Swamp:1  | Reached ****** piety under Trog
 17931 | IceCv    | Entered an ice cave
 18475 | Orc:1    | Entered Level 1 of the Orcish Mines
 18475 | Orc:1    | Found Vuecrod's Book Shoppe.
 18530 | Orc:1    | Reached skill level 10 in Shields
 18636 | Orc:1    | Identified the +3 hand axe "Orphiforr" {flame, rN+ Will+
                  | Dex-5} (Trog gifted it to you on level 1 of the Orcish
                  | Mines)
 18636 | Orc:1    | Received a gift from Trog
 18728 | Orc:1    | Found Tousyri's Assorted Antiques.
 18847 | Orc:1    | Found Tuysm's Magic Scroll Shoppe.
 18850 | Orc:1    | Bought a scroll of blinking for 105 gold pieces
 19084 | Orc:2    | Entered Level 2 of the Orcish Mines
 19225 | Orc:2    | Found a staircase to the Elven Halls.
 19485 | Orc:2    | Noticed an orc warlord
 19504 | Orc:2    | Killed an orc warlord
 19584 | Orc:2    | Found a roughly hewn altar of Beogh.
 19616 | Orc:2    | Reached skill level 1 in Throwing
 19741 | Orc:2    | Reached skill level 1 in Ranged Weapons
 19797 | Orc:2    | Found Yleiref's Jewellery Shoppe.
 19819 | Orc:2    | Received a gift from Trog
 19845 | Orc:2    | Found Touwkut's General Store.
 19847 | Orc:2    | Found Opho's Antique Armour Shoppe.
 20168 | Orc:2    | Found Janebro's Antique Weapon Shoppe.
 20376 | Orc:2    | Bought a pair of glowing gloves for 187 gold pieces
 20376 | Orc:2    | Bought a cloak for 112 gold pieces
 20770 | Orc:1    | Bought a scroll of enchant armour for 105 gold pieces
 21383 | Lair:2   | Reached skill level 19 in Axes
 21603 | Lair:2   | Received a gift from Trog
 21955 | Spider:1 | HP: 10/216 [redback (4)]
 21966 | Lair:2   | HP: 7/144 [demonic crawler (7)]
 22296 | Vaults:5 | Identified the "Geru"
 22296 | Crypt:3  | Identified the of Dionagge
 22296 | Depths:3 | Identified the "Yvonuw"
 22296 | Depths:4 | Identified the "Zizof"
 22296 | Elf:1    | Entered Level 1 of the Elven Halls
 22377 | Elf:1    | Paralysed by an air elemental for 1 turns
 22417 | Elf:1    | Paralysed by an air elemental for 1 turns
 22421 | Orc:2    | Paralysed by an air elemental for 1 turns
 22425 | Orc:2    | Reached XP level 16. HP: 151/151 MP: 16/16
 22453 | Elf:1    | Paralysed by an air elemental for 1 turns
 22457 | Elf:1    | Paralysed by an air elemental for 1 turns
 23054 | Elf:1    | Noticed Agnes
 23067 | Elf:1    | Killed Agnes
 23397 | Elf:1    | Noticed Asterion
 23408 | Elf:1    | Killed Asterion
 23833 | Elf:1    | Received a gift from Trog
 23907 | Elf:1    | Paralysed by an air elemental for 1 turns
 24219 | Elf:1    | Reached skill level 1 in Stealth
 24483 | Elf:2    | Found a runed translucent gate.
 24483 | Elf:2    | Found a runed translucent gate.
 24483 | Elf:2    | Found a runed translucent gate.
 24912 | Elf:2    | Received a gift from Trog
 25045 | Elf:2    | Found Alech's Book Emporium.
 25046 | Elf:2    | Found Nukhal's Jewellery Boutique.
 25047 | Elf:2    | Found Veunib's Book Emporium.
 25194 | Elf:2    | HP: 2/155 [something/shard of ice (34)]
 25194 | Elf:2    | Mangled by a +2 hand axe of flaming

Illustrated notes

Levels and vault maps discovered:
D:1:      onia_arrival_zoo_common, layout_loops_ring,
          shapermc_ecumenical_altar_petra
D:2:      minmay_angry_zag, layout_basic, basic_altar
D:3:      layout_loops_corners, zin_statuary, okawaru_gym_becter,
          serial_park_tiny_pond
D:4:      layout_cave_pools, mainiacjoe_overflow_small_starburst, serial_shops,
          shop, moated_statue, uniq_robin, uniq_blork_the_orc, uniq_eustachio
D:5:      layout_rooms, uniq_prince_ribbit1
D:6:      layout_gridville, nicolae_zig_zag_zippers
D:7:      layout_layer_cave, lemuel_crystal_altar,
          minmay_temple_entry_gardened_gates, serial_shops,
          nicolae_shop_rolling_square, shop
D:8:      layout_layer_cave, nicolae_qazlal_general_emergency,
          grunt_gozag_breadcrumbs, nicolae_ashenzari_panopticon
D:9:      layout_cave_pods, serial_shops, shop, uniq_jeremiah
D:10:     layout_long_grid, erik_lair_dragon, orc_0_dummy, st_stairs_5
Temple:   nicolae_temple_bog_church
Lair:1:   layout_chaotic_city, grunt_megastairs_3
Lair:2:   layout_roguey, nicolae_spider_entry_lesser_pyramids, st_stairs_10
Lair:3:   layout_misc_corridors, minmay_swamp_entry_eels, lemuel_centaur_altar,
          uniq_snorg
Lair:4:   layout_hall_layers, hellmonk_talismancer
Lair:5:   hellmonk_lair_end_abyssal_woods, layout_layer_cave,
          nicolae_slime_entry_slimehenge, dreamdust_mushroom_princess,
          kennysheep_snail_temple
Swamp:1:  layout_falls_marsh, portal_ice_cave_entry_pillars_three,
          evilmike_swamp_ruin_rubble_1, grunt_hermit_hut
Spider:1: layout_spider_delve, special_room, nicolae_spider_shape
Orc:1:    layout_diamond_mine, special_room [special_room_bee], serial_shops,
          shop, nicolae_shop_rolled_up, shop
Orc:2:    grunt_orc_cross, layout_diamond_mine
Elf:1:    eino_elf_arrival_the_gate, layout_onion_city, serial_sigils,
          serial_sigils_hangedman_scar, serial_sigils_hangedman_quiver,
          serial_sigils_hangedman_scratch, serial_sigils_hangedman_stare,
          uniq_agnes, uniq_asterion
Elf:2:    elven_hall_of_blades_hangedman_original [nicolae_blade_little_rooms],
          layout_geoelf_octagon, corexii_checkpoint, minmay_shop_grove

Skill      XL: |  1  2  3  4  5  6  7  8  9 10 11 12 13 14 15 16 |
---------------+-------------------------------------------------+-----
Fighting       | 4 5 6 7 8 10 11 12 13 14 15 16 17 | 17.0
Dodging        | 2 3 4 6 7 8 |  8.4
Armour         | 3 4 5 6 7 8 10 11 12 13 14 | 14.5
Axes           | 5 6 7 9 11 13 15 17 18 19 | 19.6
Evocations     | 3 5 6 7 8 |  8.0
Shields        | 6 9 10 11 | 11.4
Throwing       | 2 4 |  4.0
Ranged Weapons | 2 4 |  4.0
Stealth        | 2 |  2.2

Action                     |  1- 3 |  4- 6 |  7- 9 | 10-12 | 13-15 | 16-18 || total
---------------------------+-------+-------+-------+-------+-------+-------++-------
  Melee: Hand axe          |    92 |   164 |       |       |       |       ||   256
         Punch             |       |     2 |     2 |     1 |       |       ||     5
         War axe           |       |    13 |   233 |   252 |   930 |   210 ||  1638
         Flail             |       |       |       |    49 |     4 |       ||    53
   Fire: Sling             |       |       |       |       |     4 |       ||     4
  Throw: Boomerang         |       |     5 |       |     3 |       |       ||     8
         Dart              |       |       |       |     8 |    14 |     4 ||    26
 Invoke: Berserk           |       |     2 |     1 |     3 |     4 |     3 ||    13
    Use: Scroll            |     2 |     2 |     3 |     8 |    11 |     4 ||    30
         Potion            |       |       |       |     1 |    11 |       ||    12
 Armour: Animal skin       |    19 |       |       |       |       |       ||    19
         Leather armour    |     9 |       |       |       |       |       ||     9
         Chain mail        |    26 |   128 |   177 |       |       |       ||   331
         Plate armour      |       |       |    12 |    15 |       |       ||    27
         Scale mail        |       |       |       |   283 |   750 |   198 ||  1231
  Dodge: Dodged            |    75 |    78 |    97 |   253 |   797 |   120 ||  1420
  Block: Other             |       |     5 |    57 |    25 |       |       ||    87
         Reflection        |       |       |     1 |     3 |    31 |    27 ||    62
         Orb               |       |       |       |    73 |       |       ||    73
         Buckler           |       |       |       |       |   834 |   137 ||   971

Table legend: (Time is in decaauts)
 A = Elapsed time spent in this place.
 B = Non-inter-level travel time spent in this place.
 C = Inter-level travel time spent in this place.
 D = Time resting spent in this place.
 E = Time spent auto-exploring this place.
 F = Levels seen in this place.
 G = Mean time per level.
                   A        B        C        D        E       F      G
               +--------+--------+--------+--------+--------+-----+--------+
         Total |  25723 |  22311 |   3412 |   3625 |  10395 |  23 | 1118.4 |
       Dungeon |  12220 |   9994 |   2226 |   1110 |   6437 |  10 | 1222.0 |
        Temple |      1 |      1 |      0 |      0 |      0 |   1 |    1.0 |
          Lair |   7570 |   6801 |    769 |   1646 |   2524 |   5 | 1514.0 |
         Swamp |    459 |    452 |      7 |    144 |     36 |   1 |  459.0 |
   Spider Nest |    271 |    270 |      1 |     27 |      6 |   1 |  271.0 |
  Orcish Mines |   2264 |   1968 |    296 |    176 |    795 |   2 | 1132.0 |
   Elven Halls |   2903 |   2792 |    111 |    520 |    596 |   2 | 1451.5 |
      Ice Cave |     31 |     31 |      0 |      0 |      0 |   1 |   31.0 |
               +--------+--------+--------+--------+--------+-----+--------+

Top non-repeatable levels by time:
  Lair:5: 2027 daAuts
     D:7: 2027 daAuts
   Elf:1: 2012 daAuts
     D:8: 1943 daAuts
  Lair:3: 1880 daAuts
    D:10: 1717 daAuts
  Lair:2: 1514 daAuts
   Orc:2: 1445 daAuts
     D:3: 1406 daAuts
  Lair:1: 1116 daAuts
  Lair:4: 1032 daAuts
     D:6: 1002 daAuts
     D:2: 928 daAuts
   Elf:2: 891 daAuts
     D:4: 885 daAuts
